 Dungeon Crawl Stone Soup version 0.20-a0-9-g62d82d9 (webtiles) character file.

2076 GlassEater the Sneak (level 9, -2/82 HPs)
             Began as a Naga Gladiator on Nov 1, 2016.
             Slain by a hell rat (5 damage)
             ... on level 6 of the Dungeon.
             The game lasted 00:14:16 (6388 turns).

GlassEater the Sneak (Naga Gladiator)               Turns: 6388, Time: 00:14:17

Health: -2/82      AC:  7    Str: 18    XL:     9   Next: 26%
Magic:  18/18      EV: 18    Int:  8    God:
Gold:   232        SH:  0    Dex: 20    Spells: 0 memorised, 8 levels left

rFire  . . .     SeeInvis +     a - +1 rapier
rCold  . . .     Gourm    .     z - +0 robe (curse)
rNeg   . . .     Faith    .     (no shield)
rPois  +         Spirit   .     c - +2 helmet
rElec  .         Reflect  .     (no cloak)
rCorr  .         Harm     .     (no gloves)
MR     +....                    (no barding)
Stlth  +++++.....               (no amulet)
                                (no ring)
                                n - ring of magical power

@: agile, heavily drained, very slow
A: see invisible, deformed body, poison resistance, slowness 2, slow metabolism
1, spit poison 1, AC +3
a: Spit Poison


You were on level 6 of the Dungeon.
You were not hungry.

You visited 1 branch of the dungeon, and saw 6 of its levels.

You collected 232 gold pieces.

Inventory:

Hand Weapons
 a - a +1 rapier (weapon)
 q - a +1 short sword of venom
Missiles
 d - a throwing net
 h - 196 stones (quivered)
 p - 2 curare-tipped needles
Armour
 c - a +2 helmet (worn)
 u - a +1 ring mail of positive energy
 z - a cursed +0 robe (worn)
Jewellery
 n - a ring of magical power (left hand)
 t - an uncursed ring of fire
Wands
 r - a wand of flame (48/48)
 w - a wand of iceblast (7/15)
 y - a wand of slowing (16/48)
Scrolls
 g - 2 scrolls of recharging
 j - a scroll of blinking
 l - a scroll of amnesia
Potions
 e - a potion of haste {unknown}
 m - a potion of invisibility {unknown}
Books
 i - a book of Cantrips

   Spells                             Type                      Level
   a - Confusing Touch                Hexes                        1
   b - Animate Skeleton               Necromancy                   1
   c - Summon Small Mammal            Summoning                    1
   d - Apportation                    Translocation                1
 s - a book of Maledictions

   Spells                             Type                      Level
   a - Corona                         Hexes                        1
   b - Ensorcelled Hibernation        Hexes/Ice                    2
   c - Confuse                        Hexes                        3
   d - Tukima's Dance                 Hexes                        3
   e - Dazzling Spray                 Conjuration/Hexes            3
Comestibles
 b - a royal jelly
 f - 5 bread rations
 k - a beef jerky
 o - 2 meat rations
 x - 2 chunks of flesh


   Skills:
 + Level 5.7(4.2) Fighting
 + Level 6.0(4.4) Short Blades
 - Level 1.7(0.3) Throwing
 - Level 0.7(0.0) Armour
 * Level 6.8(5.2) Dodging
 + Level 7.8(6.1) Stealth


You had 8 spell levels left.
You didn't know any spells.

Dungeon Overview and Level Annotations

Branches:
Dungeon (6/15)
 Temple: D:4-7

Altars:
Ashenzari
Makhleb

Annotations:
D:6 Grinder


Innate Abilities, Weirdness & Mutations

You cannot wear boots.
Your serpentine skin is tough. (AC +3)
You have supernaturally acute eyesight. (SInv)
Armour fits poorly on your strangely shaped body.
Your system is resistant to poisons. (rPois)
You cover ground very slowly.
You have a slow metabolism.
You can spit poison.


Message History

The hell rat is almost dead.
The hell rat bites you!
* * * LOW HITPOINT WARNING * * *
The hell rat bites you but does no damage.
The hell rat barely misses you. The hell rat misses you.
You feel agile all of a sudden. The hell rat bites you!
* * * LOW HITPOINT WARNING * * *
You hit the hell rat.
The hell rat is almost dead.
The hell rat bites you!
* * * LOW HITPOINT WARNING * * *
You hit the hell rat.
You kill the hell rat!
Your base Short Blades skill increases to level 6!
You hit the hell rat but do no damage. The hell rat closely misses you.
The hell rat completely misses you.
You completely miss the hell rat. The hell rat bites you.
You die...

#.....## #.
#......####.
#......'.... .
#......####. r#
#.....## ## rr #....##
# #. #####...## #
#..##r#######.#....###
# #..rrr.##@.#.##..#.##
#
#..r###rr######.....###
# #.#. #### #.......# #
#. #.....#.#### #.
#........... #
#...###.#### #..####)#
#.).....# ##)######


You could see a hell rat and a rat.

Vanquished Creatures
  The ghost of Jivvin the Pure, a novice DsAK of Lugonu (D:6)
  Sigmund (D:6)
  The ghost of GlassEater the Sneak, an amateur NaMo of Cheibriados (D:3)
  Duvessa (D:6)
  2 sky beasts
  Blork the orc (D:4)
  Dowan (D:6)
  5 wights (D:6)
  A howler monkey (D:6)
  3 crimson imps
  2 hounds
  An orc priest (D:3)
  A bullfrog skeleton (D:6)
  A hell rat (D:6)
  Jessica (D:3)
  Terence (D:3)
  An iguana (D:3)
  3 orc wizards
  2 worker ants
  A hound zombie (D:6)
  A howler monkey skeleton (D:6)
  6 adders
  3 river rats (D:6)
  A shadow imp (D:6)
  An ooze (D:1)
  2 adder zombies
  6 worms
  4 dart slugs
  The ghost of cousintom the Sneak, a weakling SpAs (D:4)
  3 leopard geckos
  12 orcs
  4 giant cockroaches
  5 goblins
  4 hobgoblins
  3 jackals (D:1)
  6 kobolds
  5 quokkas
  A ball python (D:1)
  8 bats
  5 frilled lizards
  A quokka skeleton (D:6)
  8 rats
121 creatures vanquished.

Notes
Turn   | Place    | Note
-------+----------+-------------------------------------------
     0 | D:1      | GlassEater the Naga Gladiator began the quest for the Orb.
     0 | D:1      | Reached XP level 1. HP: 19/19 MP: 1/1
    17 | D:1      | Reached XP level 2. HP: 22/26 MP: 2/2
    61 | D:1      | Reached skill level 1 in Stealth
   356 | D:1      | Reached XP level 3. HP: 25/32 MP: 3/3
   840 | D:2      | Found a burning altar of Makhleb.
   848 | D:2      | Reached skill level 2 in Stealth
   848 | D:2      | Reached XP level 4. HP: 29/40 MP: 4/4
  1471 | D:2      | You fall through a shaft for 2 floors!
  1504 | D:3      | Found a shattered altar of Ashenzari.
  1593 | D:3      | Noticed Jessica
  1598 | D:3      | Killed Jessica
  1598 | D:3      | Reached XP level 5. HP: 39/48 MP: 5/5
  2199 | D:3      | Noticed GlassEater's ghost (amateur NaMo)
  2225 | D:3      | Killed GlassEater's ghost
  2225 | D:3      | Reached skill level 3 in Stealth
  2225 | D:3      | Reached XP level 6. HP: 16/56 MP: 6/6
  2698 | D:3      | Reached skill level 4 in Stealth
  3063 | D:3      | Noticed Terence
  3079 | D:3      | Killed Terence
  3546 | D:4      | Noticed Blork the orc
  3556 | D:4      | Killed Blork the orc
  3556 | D:4      | Reached XP level 7. HP: 61/63 MP: 7/7
  3629 | D:4      | Noticed cousintom's ghost (weakling SpAs)
  3634 | D:4      | Killed cousintom's ghost
  4209 | D:5      | Entered Level 5 of the Dungeon
  4243 | D:5      | Reached skill level 5 in Stealth
  4362 | D:5      | Reached skill level 5 in Dodging
  5039 | D:5      | Reached XP level 8. HP: 67/73 MP: 8/8
  5130 | D:6      | Noticed Jivvin's ghost (novice DsAK)
  5154 | D:6      | Killed Jivvin's ghost
  5154 | D:6      | Reached skill level 5 in Fighting
  5154 | D:6      | Reached skill level 5 in Short Blades
  5154 | D:6      | Reached skill level 6 in Stealth
  5516 | D:6      | Noticed Dowan
  5517 | D:6      | Noticed Duvessa
  5541 | D:6      | Killed Duvessa
  5541 | D:6      | Reached skill level 7 in Stealth
  5549 | D:6      | Killed Dowan
  5767 | D:6      | Noticed Sigmund
  5781 | D:6      | Killed Sigmund
  5781 | D:6      | Reached XP level 9. HP: 73/81 MP: 9/9
  6376 | D:6      | Noticed Grinder
  6385 | D:6      | HP: 3/82 [hell rat (8)]
  6388 | D:6      | Slain by a hell rat

Vault maps used:
D:1:      dpeg_arrival_tiny_a, hangedman_decor_riveting, minivault_26
D:2:      minmay_misc_feat_more_columns, makhleb_heckhound_becter
D:3:      lemuel_upstairs_altar, uniq_terence, uniq_jessica
D:4:      first_bread, kennysheep_generic_room_9, uniq_blork_the_orc
D:6:      lemuel_ratsnest, uniq_menkaure, uniq_grinder, uniq_duvessa,
          uniq_sigmund

Skill      XL: |  1  2  3  4  5  6  7  8  9 |
---------------+----------------------------+-----
Stealth        | 1 2 3 4 5 7 |  7.8
Dodging        | 3 4 5 6 |  6.8
Fighting       | 3 4 5 |  5.7
Short Blades   | 4 5 6 |  6.0
Throwing       | |  1.7
Armour         | |  0.7

Action                   |  1- 3 |  4- 6 |  7- 9 || total
-------------------------+-------+-------+-------++-------
Melee: Rapier            |    75 |   182 |   327 ||   584
Throw: Throwing net      |     1 |     2 |       ||     3
       Stone             |       |     9 |     7 ||    16
  Use: Scroll            |       |     9 |     9 ||    18
       Potion            |       |     2 |     3 ||     5
 Stab: Sleeping          |     2 |     7 |     5 ||    14
  Eat: Chunk             |       |     7 |     7 ||    14
Armor: Leather armour    |    37 |    30 |    19 ||    86
       Ring mail         |       |       |    25 ||    25
       Robe              |       |       |    26 ||    26
Dodge: Dodged            |    56 |    96 |   166 ||   318
